 Dungeon Crawl Stone Soup version 0.28-a0-425-gd0eccab798 (webtiles) character file.

Game seed: 17123556586342944656

676 lunkers the Magician (level 7, -11/46 HPs)
             Began as a Djinni Fire Elementalist on Sept 9, 2021.
             Was an Initiate of Gozag.
             Killed by divine providence
             ... invoked by an orc priest
              (15 damage)
             ... on level 5 of the Dungeon.
             The game lasted 00:14:39 (5666 turns).

lunkers the Magician (Djinni Fire Elementalist)     Turns: 5666, Time: 00:14:40

Health: -11/46     AC:  4    Str:  7    XL:     7   Next: 91%
Gold:   173        EV: 12    Int: 18    God:    Gozag SH:  0 Dex: 14

rFire   + + .      SeeInvis +   (no weapon)
rCold   x . .      Faith    .   (no shield)
rNeg    . . .      Spirit   .   a - +0 robe
rPois   ∞          Reflect  .   f - +1 helmet
rElec   .          Harm     .   (no cloak)
rCorr   .          Rampage  .   (no gloves)
Will    .....                   (boots unavailable)
Stlth   ++........              (no amulet)
HPRegen 0.15/turn               d - ring of see invisible
MPRegen 0.00/turn               (no ring)

@: gold aura, flying
A: sickness immunity, fire resistance 2, cold vulnerability 1, float, innate
caster, hp casting, extra vitality 1
a: Renounce Religion, Potion Petition, Call Merchant, Bribe Branch


You were on level 5 of the Dungeon.
You worshipped Gozag.
Gozag was aware of your devotion.
You visited 2 branches of the dungeon, and saw 6 of its levels.

You collected 237 gold pieces.
You paid 64 gold pieces to Gozag.

Inventory:

Armour
 a - a +0 robe (worn)
 f - a +1 helmet (worn)
Jewellery
 d - a ring of see invisible (left hand)
Wands
 m - a wand of acid (4)
Scrolls
 e - 3 scrolls of enchant weapon {unknown}
 g - a scroll of fog {unknown}
 i - 2 scrolls of blinking {unknown}
 l - a scroll of immolation {unknown}
 n - a scroll of magic mapping {unknown}
 p - a scroll of identify {unknown}
 q - a scroll of vulnerability {unknown}
Potions
 b - 2 potions of lignification {unknown}
 c - a potion of haste {unknown}
 h - a potion of attraction {unknown}
 j - 4 potions of curing {unknown}
 k - a potion of degeneration {unknown}
 o - 2 potions of invisibility {unknown}
 r - a potion of flight {unknown}


   Skills:
 + Level 0.5 Fighting
 + Level 2.8 Dodging
 + Level 2.4 Stealth
 + Level 0.1 Unarmed Combat
 + Level 6.2 Spellcasting


You couldn't memorise any spells.
You knew the following spells:

 Your Spells              Type           Power      Damage    Failure   Level
a - Foxfire               Conj/Fire      100%       2x1d9     1%          1
b - Scorch                Fire           56%        2d8       1%          2
c - Conjure Flame         Conj/Fire      28%        6-21      2%          3
d - Inner Flame           Hex/Fire       28%        N/A       2%          3
e - Flame Wave            Conj/Fire      28%        3d7       9%          4
f - Apportation           Tloc           56%        N/A       1%          1
g - Slow                  Hex            28%        N/A       1%          2
h - Corpse Rot            Necr/Air       N/A        N/A       1%          2
Your spell library was empty.

Dungeon Overview and Level Annotations

Branches:
Dungeon (5/15)             Temple (1/1) D:5

Altars:
Cheibriados
Dithmenos
Elyvilon
Fedhas
Gozag
Hepliaklqana
Kikubaaqudgha
Makhleb
Nemelex Xobeh
Ru
Sif Muna
Trog
Uskayaw
Vehumet
Xom
Yredelemnul
Zin
The Shining One

Annotations:
D:3 2 transporters, Myro's ghost, amateur GnEE


Innate Abilities, Weirdness & Mutations

You are immune to sickness and miasma.
You are immune to poison.
Your flesh is very heat resistant. (rF++)
You are vulnerable to cold. (rC-)
You float through the air rather than walking.
You learn spells naturally, not from books.
Your magical power is your life essence.
You have superior vitality. (+4 HP)


Message History

The orc shouts!
You hear a shout! x2
The centaur shoots an arrow.
The arrow hits you!
* * * LOW HITPOINT WARNING * * *
You see here an amulet of regeneration.
The centaur shoots an arrow.
The arrow barely misses you.
The centaur shoots an arrow.
The arrow barely misses you.
The centaur shoots an arrow.
The arrow hits you!
* * * LOW HITPOINT WARNING * * *
The centaur shoots an arrow.
The arrow hits you.
* * * LOW HITPOINT WARNING * * *
An orc priest comes into view.
It is wielding a +1 falchion of flaming.
Okay, then.
The centaur shoots an arrow.
The arrow hits you!
* * * LOW HITPOINT WARNING * * *
Aiming: Corrosive Bolt
Press: ? - help, Shift-Dir - straight line, f - centaur
Aim: a centaur, wielding a +0 shortbow and quivering arrows (83% to hit)
The bolt of acid hits the centaur!
The centaur is heavily wounded.
The centaur shoots an arrow.
The arrow misses you.
An orc wizard comes into view. It is wielding a +0 dagger.
Aiming: Corrosive Bolt
Press: ? - help, Shift-Dir - straight line, f/p - centaur
Aim: a centaur, wielding a +0 shortbow and quivering arrows (heavily wounded, 83% to hit)
The bolt of acid hits the centaur!
The acid corrodes the centaur!
The centaur is almost dead.
The centaur shoots an arrow.
The arrow closely misses you.
Aiming: Corrosive Bolt
Press: ? - help, Shift-Dir - straight line, f - orc, p - centaur
Aim: an orc, wielding a +2 vorpal falchion (71% to hit)
The bolt of acid hits the centaur!
The centaur seems to be corroded for longer.
You kill the centaur!
The bolt of acid hits the orc!
The acid corrodes the orc!
You kill the orc!
An orc comes into view. It is wielding a +0 flail.
The orc priest mumbles some strange prayers to Beogh against you.
Beogh smites you!
You die...
Your body crumbles into a pile of gold.

.. #...#.# # #...#. .. .
..... ..### ....#
...#######...# .#
...##......# # ..#
.####^##.##...# .# #####.###
##.#..@.....$.# .# .........
...##.#######o###..# #....#
..##..##.#≈≈≈≈≈#.....#
..##.#......##..#≈≈.≈≈o....##
.......##.#.#...#≈≈≈≈≈#.####
.#..##....#.....#######.##
.#.....#......#........o.#
....##.#.#...######....o.#
.##......#..## ##.....#


You could see an orc priest, an orc wizard and 2 orcs.

Vanquished Creatures
  A black bear (D:5)
  A centaur (D:5)
  A centaur zombie (D:5)
  2 hounds (D:5)
  3 jellies
  An orc priest (D:5)
  A bullfrog skeleton (D:5)
  2 orc wizards
  6 adders
  2 worms (D:2)
  2 dart slugs
  17 orcs
  2 bats (D:1)
  12 endoplasms
  2 giant cockroaches
  9 goblins
  9 hobgoblins
  2 iguanas (D:3)
  5 jackals
  5 quokkas
  8 ball pythons
  4 frilled lizards
  5 kobolds
  A quokka skeleton (D:3)
  8 rats
111 creatures vanquished.

Vanquished Creatures (collateral kills)
  2 foxfires (D:1)
2 creatures vanquished.

Vanquished Creatures (others)
  80 foxfires
  A fungus (D:5)
81 creatures vanquished.

Grand Total: 194 creatures vanquished

Notes
Turn   | Place    | Note
-------+----------+-------------------------------------------
     0 | D:1      | lunkers the Djinni Fire Elementalist began the quest for
                  | the Orb.
     0 | D:1      | Reached XP level 1. HP: 15/15 MP: 0/0
   268 | D:1      | Reached XP level 2. HP: 20/21 MP: 0/0
   706 | D:1      | Reached skill level 3 in Spellcasting
   801 | D:1      | Reached XP level 3. HP: 10/25 MP: 0/0
   801 | D:1      | Learned a level 1 spell: Apportation
  1937 | D:2      | Reached XP level 4. HP: 25/31 MP: 0/0
  2002 | D:2      | Found a sparkling altar of Nemelex Xobeh.
  2762 | D:2      | Found a faded altar of an unknown god.
  2958 | D:3      | Reached skill level 4 in Spellcasting
  2958 | D:3      | Reached XP level 5. HP: 31/35 MP: 0/0
  2958 | D:3      | Learned a level 2 spell: Slow
  3074 | D:3      | Found a transporter.
  3079 | D:3      | Noticed Myro's ghost (amateur GnEE)
  3139 | D:3      | Found a shimmering altar of Xom.
  3165 | D:3      | Found a transporter.
  3820 | D:4      | Reached XP level 6. HP: 27/40 MP: 0/0
  4223 | D:4      | Found a blossoming altar of Fedhas.
  4631 | D:5      | Entered Level 5 of the Dungeon
  4636 | D:5      | Reached skill level 5 in Spellcasting
  4754 | D:5      | Noticed a black bear
  4758 | D:5      | Killed a black bear
  4759 | D:5      | Reached XP level 7. HP: 37/45 MP: 0/0
  4759 | D:5      | Learned a level 2 spell: Corpse Rot
  4889 | D:5      | Found a staircase to the Ecumenical Temple.
  4937 | Temple   | Entered the Ecumenical Temple
  5112 | Temple   | Became a worshipper of Gozag Ym Sagoz the Greedy
  5446 | D:5      | Reached skill level 6 in Spellcasting
  5666 | D:5      | Killed from afar by an orc priest

Illustrated notes

Levels and vault maps discovered:
D:1:      minmay_arrival_diagonal_passages, layout_loops_ring, serial_forest,
          infiniplex_forest_clump_medium, infiniplex_forest_clump_double,
          infiniplex_forest_lined_3, infiniplex_forest_lined_room_3,
          minmay_box_of_dots
D:2:      layout_basic, shapermc_ecumenical_altar_hornbeckon, basic_altar,
          grunt_decor_one_mirror, st_stairs_13, hangedman_feature_mirror,
          hex_medium
D:3:      layout_rooms, dk_xom_monty_hall, gammafunk_ghost_mausoleum,
          kennysheep_flooded_box, kennysheep_generic_room_2
D:4:      layout_basic, fedhas_altar_2, minmay_cut_off
D:5:      layout_rooms, minmay_temple_entry_ruins, gup_sewer_entry_glass,
          kennysheep_dice, uniq_crazy_yiuf_cottage
Temple:   nicolae_temple_elliptical

Skill      XL: |  1  2  3  4  5  6  7 |
---------------+----------------------+-----
Spellcasting   | 3 4 5 6 |  6.2
Stealth        | 2 |  2.4
Fighting       | |  0.5
Dodging        | |  2.8
Unarmed Combat | |  0.1

Action                   |  1- 3 |  4- 6 |  7- 9 || total
-------------------------+-------+-------+-------++-------
Melee: Unarmed           |       |       |     5 ||     5
 Cast: Foxfire           |    47 |       |     1 ||    48
       Scorch            |    20 |    76 |    29 ||   125
Evoke: Wand              |       |       |     3 ||     3
Armor: Robe              |     1 |     4 |     9 ||    14
Dodge: Dodged            |     5 |     9 |    32 ||    46

Table legend: (Time is in decaauts)
 A = Elapsed time spent in this place.
 B = Non-inter-level travel time spent in this place.
 C = Inter-level travel time spent in this place.
 D = Time resting spent in this place.
 E = Time spent auto-exploring this place.
 F = Levels seen in this place.
 G = Mean time per level.
                   A        B        C        D        E       F      G
               +--------+--------+--------+--------+--------+-----+--------+
         Total |   5665 |   5503 |    162 |    478 |   4384 |   6 |  944.2 |
       Dungeon |   5462 |   5335 |    127 |    478 |   4242 |   5 | 1092.4 |
        Temple |    203 |    168 |     35 |      0 |    142 |   1 |  203.0 |
               +--------+--------+--------+--------+--------+-----+--------+

Top non-repeatable levels by time:
     D:1: 1529 daAuts
     D:2: 1323 daAuts
     D:4: 1097 daAuts
     D:3: 956 daAuts
     D:5: 555 daAuts
  Temple: 203 daAuts
